 Dungeon Crawl Stone Soup version 0.29-a0-506-ga2e7fffb44 (webtiles) character file.

Game seed: 1638889193525938917

70 happo123 the Sneak (level 4, -3/25 HPs)
             Began as a Kobold Enchanter on May 28, 2022.
             Killed from afar by Sigmund (6 damage)
             ... with a magic dart
             ... on level 2 of the Dungeon.
             The game lasted 00:08:13 (1656 turns).

happo123 the Sneak (Kobold Enchanter)               Turns: 1656, Time: 00:08:13

Health: -3/25      AC:  2    Str:  5    XL:     4   Next: 45%
Magic:  0/7        EV: 15    Int: 18    God:
Gold:   96         SH:  0    Dex: 15    Spells: 3/8 levels left

rFire   . . .      SeeInvis .   a - +1 dagger
rCold   . . .      Faith    .   (no shield)
rNeg    . . .      Spirit   .   b - +0 robe
rPois   .          Reflect  .   (no helmet)
rElec   .          Harm     .   (no cloak)
rCorr   .          Rampage  .   (no gloves)
Will    .....                   (no boots)
Stlth   ++++......              (no amulet)
HPRegen 0.08/turn               (no ring)
MPRegen 0.10/turn               (no ring)

@: no status effects
A: small, no large weapons, nightstalker 3
a: no special abilities


You were on level 2 of the Dungeon.
You visited 1 branch of the dungeon, and saw 2 of its levels.

You collected 96 gold pieces.

Inventory:

Hand Weapons
 a - a +1 dagger (weapon)
Armour
 b - a +0 robe (worn)
Scrolls
 f - 2 scrolls of fear {unknown}
 g - a scroll of enchant armour {unknown}
 h - 5 scrolls of identify {unknown}
 i - a scroll of immolation {unknown}
 j - a scroll of enchant weapon {unknown}
Potions
 c - 2 potions of invisibility
 d - a potion of lignification {unknown}
 e - 2 potions of flight {unknown}


   Skills:
 + Level 1.3 Fighting
 + Level 2.1 Short Blades
 + Level 3.0 Dodging
 + Level 4.5 Stealth
 + Level 2.6 Spellcasting
 * Level 3.6 Hexes


You had 3 spell levels left.
You knew the following spells:

 Your Spells              Type           Power      Damage    Failure   Level
a - Ensorcelled Hibernat  Hex/Ice        16%        N/A       12%         2
b - Tukima's Dance        Hex            15%        N/A       12%         3

Your spell library contained the following spells:

 Spells                   Type           Power      Damage    Failure   Level
 Confusing Touch          Hex            15%        N/A       12%         3
 Dazzling Flash           Conj/Hex       16%        N/A       24%         3


Dungeon Overview and Level Annotations

Branches:
Dungeon (2/15)

Altars:

Annotations:
D:2 Sigmund


Innate Abilities, Weirdness & Mutations

You are small and have problems with some larger weapons.
You are completely attuned to the shadows.


Message History

Aim: Sigmund, wielding a +0 scythe and wearing a +0 robe (chance to affect: 50%) Sigmund resists with some effort.
Sigmund hits you with a +0 scythe!
* * * LOW HITPOINT WARNING * * *
Aiming: Ensorcelled Hibernation (safe; 12% risk of failure)
Press: ? - help, Q - select action Shift-Dir - straight line, f/p - Sigmund
Aim: Sigmund, wielding a +0 scythe and wearing a +0 robe (chance to affect: 50%) Sigmund resists with some effort.
You don't have enough magic to cast this spell.
Sigmund closely misses you. Sigmund casts a spell at you.
You resist with some effort.
Aiming: Ensorcelled Hibernation (safe; 12% risk of failure)
Press: ? - help, Q - select action Shift-Dir - straight line, f/p - Sigmund
Aim: Sigmund, wielding a +0 scythe and wearing a +0 robe (chance to affect: 50%) Sigmund resists with some effort.
Sigmund casts a spell at you.
You are confused.
Sigmund smiles chillingly.
Sigmund misses you.
You bump into the rock wall.
Sigmund closely misses you.
You bump into the rock wall.
Sigmund hits you but does no damage.
You bump into the rock wall.
You hit Sigmund but do no damage. Sigmund hits you with a +0 scythe.
* * * LOW HITPOINT WARNING * * *
You closely miss Sigmund.
You feel less confused. Sigmund completely misses you.
Sigmund says, "Don't worry, I'll kill you fast."
Sigmund gestures at you while chanting. The puff of flame misses you.
Sigmund laughs darkly.
Aiming: Ensorcelled Hibernation (safe; 12% risk of failure)
Press: ? - help, Q - select action Shift-Dir - straight line, f/p - Sigmund
Aim: Sigmund, wielding a +0 scythe and wearing a +0 robe (chance to affect: 50%) Sigmund resists with some effort.
Sigmund gestures at you while chanting. The magic dart hits you.
You die...

# ##.........### .....# #. #
##.#.##....... #.##.# #†
###.###.#.#...#### ######.##.###.
##.## ##..#....... .............<
#.## ##.##...... .....#.##.###.
##.## ##.###.##### ####.#.##.# #.
.##.###.####.# #.#.##.# #.
#....#.......##########.#.##.# #.
.##.#.#######...@.......#.##.###.
###.### #@###########.##...#.
.<..# #.# #........ ##..# #@#
#..#.###. ##.## #.# #...## ##
##.# #.# #...# # ##.# #.# ##..##
# ##.# #.# ##########.#.###. ##.#
#.# #...............#


You could see Sigmund.

Vanquished Creatures
  2 adders (D:2)
  A dart slug (D:2)
  3 bats
  6 endoplasms
  2 giant cockroaches (D:1)
  3 goblins
  3 hobgoblins
  7 jackals (D:2)
  2 quokkas (D:1)
  4 ball pythons
  3 frilled lizards
  6 kobolds
  2 rats (D:2)
44 creatures vanquished.

Notes
Turn   | Place    | Note
-------+----------+-------------------------------------------
     0 | D:1      | happo123 the Kobold Enchanter began the quest for the Orb.
     0 | D:1      | Reached XP level 1. HP: 10/10 MP: 3/3
    60 | D:1      | Reached XP level 2. HP: 15/15 MP: 5/5
    63 | D:1      | Learned a level 2 spell: Ensorcelled Hibernation
   504 | D:1      | Reached XP level 3. HP: 20/20 MP: 6/6
   805 | D:2      | Learned a level 3 spell: Tukima's Dance
   828 | D:2      | Reached skill level 1 in Fighting
   902 | D:2      | Reached XP level 4. HP: 18/25 MP: 1/7
  1080 | D:2      | Found a faded altar of an unknown god.
  1622 | D:2      | Noticed Sigmund
  1656 | D:2      | Killed from afar by Sigmund

Illustrated notes

Levels and vault maps discovered:
D:1:      lightli_arrival_maybe_door_vault, layout_rooms
D:2:      layout_loops_ring, shapermc_ecumenical_altar_mp_vishouse,
          serial_bayou_pond_d, uniq_sigmund

Skill      XL: |  1  2  3  4 |
---------------+-------------+-----
Fighting       | 1 |  1.3
Short Blades   | 2 |  2.1
Dodging        | 3 |  3.0
Stealth        | |  4.5
Spellcasting   | |  2.6
Hexes          | |  3.6

Action                   |  1- 3 |  4- 6 || total
-------------------------+-------+-------++-------
Melee: Dagger            |    49 |    35 ||    84
 Cast: Ensorcelled Hiber |    13 |    13 ||    26
 Stab: Sleeping          |    23 |    11 ||    34
Armor: Robe              |     7 |     3 ||    10
Dodge: Dodged            |    33 |    30 ||    63

Table legend: (Time is in decaauts)
 A = Elapsed time spent in this place.
 B = Non-inter-level travel time spent in this place.
 C = Inter-level travel time spent in this place.
 D = Time resting spent in this place.
 E = Time spent auto-exploring this place.
 F = Levels seen in this place.
 G = Mean time per level.
                   A        B        C        D        E       F      G
               +--------+--------+--------+--------+--------+-----+--------+
         Total |   1649 |   1585 |     64 |     52 |   1231 |   2 |  824.5 |
       Dungeon |   1649 |   1585 |     64 |     52 |   1231 |   2 |  824.5 |
               +--------+--------+--------+--------+--------+-----+--------+

Top non-repeatable levels by time:
     D:2: 852 daAuts
     D:1: 796 daAuts
